 Dungeon Crawl Stone Soup version 0.27-a0-597-g524d869a0f (webtiles) character file.

Game seed: 7065592529729452409

65 siradein the Caller (level 4, 24/24 HPs)
             Began as a Gargoyle Summoner on Mar 11, 2021.
             Was an Initiate of Qazlal.
             Quit the game on level 2 of the Dungeon.
             The game lasted 00:05:12 (2175 turns).

siradein the Caller (Gargoyle Summoner)             Turns: 2175, Time: 00:05:13

Health: 24/24      AC:  5    Str: 12    XL:     4   Next: 13%
Magic:  7/7        EV: 11    Int: 16    God:    Qazlal [......]
Gold:   71         SH:  0    Dex: 10    Spells: 1/7 levels left

rFire    . . .     SeeInvis .   d - +0 hand axe
rCold    . . .     Faith    .   (no shield)
rNeg     + . .     Spirit   .   a - +0 robe
rPois    ∞         Reflect  .   (no helmet)
rElec    +         Harm     .   (no cloak)
rCorr    .         Rampage  .   (no gloves)
Will     .....                  (no boots)
Stlth    ++........             (no amulet)
HPRegen  0.08/turn              (no ring)
MPRegen  0.10/turn              (no ring)

@: no status effects
A: negative energy resistance 1, electricity resistance, torment resistance 1,
unbreathing 1, petrification resistance, AC +3
a: Renounce Religion


You were on level 2 of the Dungeon.
You worshipped Qazlal.
Qazlal was noncommittal.
You visited 1 branch of the dungeon, and saw 2 of its levels.

You collected 71 gold pieces.

Inventory:

Hand Weapons
 d - a +0 hand axe (weapon)
Armour
 a - a +0 robe (worn)
Scrolls
 b - a scroll of enchant armour {unknown}
 e - 2 scrolls of identify {unknown}
 f - 2 scrolls of immolation {unknown}
 g - a scroll of fog {unknown}
 h - 2 scrolls of enchant weapon {unknown}
Potions
 c - 3 potions of curing {unknown}
 i - a potion of haste {unknown}
 j - a potion of heal wounds {unknown}
 k - a potion of flight {unknown}


   Skills:
 + Level 0.4 Fighting
 + Level 1.1 Axes
 - Level 1.5 Dodging
 - Level 2.1 Stealth
 + Level 0.2 Unarmed Combat
 - Level 2.0 Spellcasting
 + Level 4.7 Summonings


You had one spell level left.
You knew the following spells:

 Your Spells              Type           Power      Damage    Failure   Level
a - Summon Small Mammal   Summ           64%        N/A       3%          1
b - Call Imp              Summ           16%        N/A       4%          2
c - Call Canine Familiar  Summ           16%        N/A       9%          3

Your spell library contained the following spells:

 Spells                   Type           Power      Damage    Failure   Level
 Summon Guardian Golem    Hex/Summ       9%         N/A       24%         3
 Summon Ice Beast         Ice/Summ       9%         N/A       61%         4
 Summon Lightning Spire   Summ/Air       9%         N/A       61%         4


Dungeon Overview and Level Annotations

Branches:
Dungeon (2/15)

Altars:
Ashenzari
Makhleb
Okawaru
Qazlal
Yredelemnul

Annotations:
D:2 Natasha


Innate Abilities, Weirdness & Mutations

Your stone body is resilient. (AC +3)
You are immune to poison.
You resist negative energy. (rN+)
You are resistant to electric shocks. (rElec)
You are resistant to unholy torment.
You can survive without breathing.
You are immune to petrification.


Message History

Natasha casts a spell.
The shadow imp hits you.
Your crimson imp hits the shadow imp.
The shadow imp disappears in a puff of smoke!
Casting: Call Imp (safe; 4% risk of failure)
Press: ? - help, Q - select action, (/) - cycle Dir - look around, f - activate A beastly little devil appears in a puff of frigid air.
Something closely misses your crimson imp.
Your crimson imp misses Natasha.
What are your orders? t - Shout!
Orders for allies: a - Attack new target. r - Retreat! s - Stop attacking. g - Guard the area. f - Follow me.
Anything else - Cancel.
Gang up on whom?
Press: ? - help, Dir - move target, f - Natasha
Aim: Natasha (heavily wounded, ally target) Attack!
Natasha casts a spell at you. The magic dart hits your crimson imp!
Your crimson imp blinks!
Your crimson imp hits Natasha.
Your white imp misses Natasha.
Natasha extends her claws.
Natasha claws you.
Your crimson imp closely misses Natasha.
Your white imp hits Natasha.
Your white imp freezes Natasha.
Natasha dies!
Qazlal accepts your kill.
Natasha screams in fury as she dies!
Your Axes skill increases to level 1!
You have reached level 4!
You feel stronger.
Your crimson imp disappears in a puff of smoke!
Magic restored.
Your white imp disappears in a puff of smoke!
HP restored.
Natasha, Servant of Life and Death comes into view.
Unknown command.
Are you sure you want to abandon this character and quit the game? (Confirm with "yes".)

#8......#.#.# #.##.#
##.....###.#<# #h##†# ###
####.....8# #.#.# #....#
#8###8#.....### #.#.# #..(.###
...........## #.#h# #....h.#
...........# ###.#.#######.#.#
...........## #.............#.#
#8###8#.....#####.#..#####..#.#
### ####.....8#.@.##.# #..#.#
#.###.....#.†.##.# #..#.#
#.#.#8...........# #..#.#
#.#.###......##### #..#.#
###.#...##.....# #.#
#...'...†##8#..# #.#
###.#.#.....###..# #..#.#
#...#>#..........# #..#.#
#.###.#..........# #..#5#


You could see Natasha (wandering).

Vanquished Creatures
  An adder (D:2)
  An ooze (D:2)
  5 bats
  A giant cockroach (D:1)
  5 goblins
  9 hobgoblins
  A jackal (D:2)
  2 quokkas (D:2)
  3 frilled lizards
  2 kobolds (D:1)
  6 rats
36 creatures vanquished.

Vanquished Creatures (collateral kills)
  Natasha (D:2)
  2 jackals (D:2)
  A kobold (D:2)
4 creatures vanquished.

Grand Total: 40 creatures vanquished

Notes
Turn   | Place    | Note
-------+----------+-------------------------------------------
     0 | D:1      | siradein the Gargoyle Summoner began the quest for the Orb.
     0 | D:1      | Reached XP level 1. HP: 10/10 MP: 3/3
   135 | D:1      | Reached skill level 4 in Summonings
   135 | D:1      | Reached XP level 2. HP: 9/15 MP: 5/5
  1077 | D:2      | Reached XP level 3. HP: 19/19 MP: 6/6
  1080 | D:2      | Learned a level 2 spell: Call Imp
  1085 | D:2      | Learned a level 3 spell: Call Canine Familiar
  1287 | D:2      | Found a stormy altar of Qazlal.
  1291 | D:2      | Found a broken altar of Ashenzari.
  1291 | D:2      | Found an iron altar of Okawaru.
  1397 | D:2      | Found a burning altar of Makhleb.
  1612 | D:2      | Became a worshipper of Qazlal Stormbringer
  1952 | D:2      | Noticed Natasha
  2016 | D:2      | Killed Natasha
  2017 | D:2      | Reached skill level 1 in Axes
  2017 | D:2      | Reached XP level 4. HP: 13/24 MP: 3/7
  2174 | D:2      | Noticed Natasha
  2175 | D:2      | Quit the game

Illustrated notes

Levels and vault maps discovered:
D:1:      dpeg_arrival_castle, layout_basic
D:2:      layout_basic, minitemple, chequers_hall_statues_y, uniq_natasha

Skill      XL: |  1  2  3 |
---------------+----------+-----
Summonings     | 4 |  4.7
Axes           | 1 |  1.1
Fighting       | |  0.4
Dodging        | |  1.5
Stealth        | |  2.1
Unarmed Combat | |  0.2
Spellcasting   | |  2.0

Action                   |  1- 3 |  4- 6 || total
-------------------------+-------+-------++-------
Melee: Hand axe          |   103 |       ||   103
       Unarmed           |     5 |       ||     5
 Cast: Call Imp          |     5 |       ||     5
 Stab: Sleeping          |     4 |       ||     4
Armor: Robe              |    51 |       ||    51
Dodge: Dodged            |    82 |       ||    82

Table legend: (Time is in decaauts)
 A = Elapsed time spent in this place.
 B = Non-inter-level travel time spent in this place.
 C = Inter-level travel time spent in this place.
 D = Time resting spent in this place.
 E = Time spent auto-exploring this place.
 F = Levels seen in this place.
 G = Mean time per level.
                   A        B        C        D        E       F      G
               +--------+--------+--------+--------+--------+-----+--------+
         Total |   2207 |   2123 |     84 |     10 |   1755 |   2 | 1103.5 |
       Dungeon |   2207 |   2123 |     84 |     10 |   1755 |   2 | 1103.5 |
               +--------+--------+--------+--------+--------+-----+--------+

Top non-repeatable levels by time:
     D:2: 1121 daAuts
     D:1: 1086 daAuts
